 Dungeon Crawl Stone Soup version 0.20.1-1-g8b1a95d (webtiles) character file.

86 FollowTheCloud the Chopper (level 4, 0/34 HPs)
             Began as a Demonspawn Gladiator on Aug 29, 2017.
             Slain by a river rat (2 damage)
             ... in a sewer.
             The game lasted 00:04:37 (1718 turns).

FollowTheCloud the Chopper (Demonspawn Gladiator)   Turns: 1718, Time: 00:04:38

Health: 0/34       AC: 13    Str: 15    XL:     4   Next: 27%
Magic:  4/4        EV: 10    Int: 10    God:
Gold:   113        SH:  0    Dex: 14    Spells: 3/3 levels left

rFire    . . .     SeeInvis .   a - +0 war axe
rCold    . . .     Gourm    .   (no shield)
rNeg     . . .     Faith    .   g - +0 scale mail
rPois    .         Spirit   .   c - +0 helmet
rElec    .         Reflect  .   C - +0 cloak {MR+}
rCorr    .         Harm     .   i - +2 pair of gloves
MR       +....                  (no boots)
Stlth    ..........             (no amulet)
Regen    0.2/turn               (no ring)
MPRegen  0.1/turn               (no ring)

@: no status effects
A: hooves 1, thin metallic scales 1
a: no special abilities


You were in a sewer.
You were not hungry.

You visited 1 branch of the dungeon, and saw 3 of its levels.
You also visited: Sewer.

You collected 113 gold pieces.

Inventory:

Hand Weapons
 a - a +0 war axe (weapon)
Missiles
 d - 3 throwing nets (quivered)
 q - 23 bolts
Armour
 c - a +0 helmet (worn)
 g - a +0 scale mail (worn)
 i - a +2 pair of gloves (worn)
 C - a +0 cloak of magic resistance (worn)
Jewellery
 y - an uncursed ring of see invisible {unknown}
Wands
 s - a wand of random effects (19/48)
Scrolls
 b - 2 scrolls of magic mapping {unknown}
 e - a scroll of remove curse {unknown}
 j - a scroll of blinking {unknown}
 k - 4 scrolls of teleportation {unknown}
 n - a scroll of fear {unknown}
 p - a scroll of identify {unknown}
 A - a scroll of fog {unknown}
Potions
 l - 3 potions of heal wounds {unknown}
 m - a potion of lignification {unknown}
 o - a potion of berserk rage {unknown}
 r - 2 potions of ambrosia {unknown}
 t - a potion of might {unknown}
 u - a potion of agility {unknown}
 v - a potion of resistance {unknown}
 x - a potion of flight {unknown}
 z - a potion of degeneration {unknown}
Comestibles
 f - 3 bread rations
 h - 3 fruits
 w - a meat ration
 B - 3 chunks of flesh


   Skills:
 + Level 2.8 Fighting
 + Level 3.4 Axes
 - Level 1.7 Throwing
 + Level 1.5 Armour
 + Level 3.1 Dodging


You had 3 spell levels left.
You didn't know any spells.

Dungeon Overview and Level Annotations

Branches:
Dungeon (3/15)

Altars:
Uskayaw


Innate Abilities, Weirdness & Mutations

You have large cloven feet.
You are partially covered in thin metallic scales. (AC +2)


Message History

You completely miss the river rat. Your kick misses the river rat.
The river rat is heavily wounded.
The rat twitches its whiskers.
The river rat bites you.
* * * LOW HITPOINT WARNING * * *
You hit the river rat. Your kick misses the river rat.
The river rat is severely wounded.
The river rat closely misses you.
The river rat bites you but does no damage.
You closely miss the river rat.
The river rat is severely wounded.
The river rat barely misses you.
You closely miss the river rat. Your kick misses the river rat.
The river rat is severely wounded.
The river rat bites you.
* * * LOW HITPOINT WARNING * * *
You closely miss the river rat.
The river rat is severely wounded.
The river rat bites you.
You die...

#.#
#.#
#.#
#.#
#∩#
#.#
#∩#
#†#
#@#
#r#
#r#
###


You could see a river rat and a rat.

Vanquished Creatures
  3 adders (D:2)
  A dart slug (D:1)
  3 leopard geckos
  4 orcs (D:3)
  2 ball pythons
  6 giant cockroaches
  3 goblins
  2 hobgoblins
  A quokka (D:2)
  7 bats
  A frilled lizard (D:1)
  8 kobolds
  7 rats
48 creatures vanquished.

Notes
Turn   | Place    | Note
-------+----------+-------------------------------------------
     0 | D:1      | FollowTheCloud the Demonspawn Gladiator began the quest for the Orb.
     0 | D:1      | Reached XP level 1. HP: 16/16 MP: 1/1
   483 | D:1      | Gained mutation: You are partially covered in thin metallic scales. (AC +2) [demonic ancestry]
   483 | D:1      | Reached XP level 2. HP: 22/22 MP: 2/2
   899 | D:2      | Reached skill level 1 in Armour
  1026 | D:2      | Reached XP level 3. HP: 28/28 MP: 3/3
  1414 | D:2      | Found a hide-covered altar of Uskayaw.
  1569 | D:3      | Gained mutation: You have large cloven feet. [demonic ancestry]
  1569 | D:3      | Reached XP level 4. HP: 34/34 MP: 4/4
  1616 | D:3      | Found a glowing drain.
  1698 | Sewer    | Entered a sewer
  1718 | Sewer    | Slain by a river rat

Skill      XL: |  1  2  3 |
---------------+----------+-----
Axes           | 3 |  3.4
Armour         | 1 |  1.5
Dodging        | 3 |  3.1
Fighting       | |  2.8
Throwing       | |  1.7

Action                   |  1- 3 |  4- 6 || total
-------------------------+-------+-------++-------
Melee: War axe           |   115 |    41 ||   156
       Kick              |       |     5 ||     5
  Eat: Chunk             |     2 |     1 ||     3
Armor: Scale mail        |   100 |    28 ||   128
       Leather armour    |     2 |       ||     2
Dodge: Dodged            |   101 |    40 ||   141
